 Dungeon Crawl Stone Soup version 0.19-a0-1008-g4c63d25 (webtiles) character file.

594932 Leszczynek the Shatterer (level 27, -2/380 HPs)
             Began as an Ogre Conjurer on July 23, 2016.
             Was the Champion of the Shining One.
             Slain by a reaper
             ... wielding a +0 scythe of slicing
             ... summoned by a greater mummy's death curse
              (5 damage)
             ... on level 1 of the Tomb of the Ancients on July 24, 2016.
             The game lasted 06:06:52 (45063 turns).

Leszczynek the Shatterer (Ogre Conjurer)           Turns: 45063, Time: 06:06:53

Health: -2/380     AC: 33    Str: 28    XL:     27
Magic:  4/38       EV: 17    Int: 26    God:    the Shining One [******]
Gold:   965        SH:  0    Dex: 13    Spells: 5 memorised, 35 levels left

rFire  . . .     SeeInvis +     a - +9 giant spiked club (holy)
rCold  + . .     Gourm    .     (armour currently unavailable)
rNeg   + + +     Faith    .     (shield currently unavailable)
rPois  ∞         Spirit   .     E - +3 crown of Dyrovepreva {rElec Int+2 SInv}
rElec  +         Dismiss  .     B - +2 cloak "Ysecsokh" {+Blink rPois rC+}
rCorr  .         Reflect  .     (gloves unavailable)
SustAt +         Harm     .     (boots unavailable)
MR     ++++.                    L - amulet of Imia {rPois Regen+ Int+4}
Stlth  +.........               f - ring "Zilaapi" {SustAt Str+4 SInv}
                                U - ring of the Mage {Wiz MR++ Int+3}

@: statue-form, slowed, glowing, repel missiles, very slow, incredibly resistant
to hostile enchantments, very unstealthy
A: unfitting armour, (tough skin 0)
a: End Transformation, Divine Shield, Cleansing Flame, Summon Divine Warrior,
Renounce Religion, Evoke Blink
}: 4/15 runes: decaying, slimy, silver, gossamer


You were on level 1 of the Tomb of the Ancients.
You worshipped the Shining One.
The Shining One was exalted by your worship.
You were not hungry.
You were a stone statue.
You visited 11 branches of the dungeon, and saw 53 of its levels.
You visited 1 bazaar.
You also visited: Labyrinth and Ossuary.

You collected 6916 gold pieces.
You spent 5951 gold pieces at shops.

Inventory:

Hand Weapons
 a - a +9 giant spiked club of holy wrath (weapon)
Missiles
 z - 96 large rocks (quivered)
 W - 2 throwing nets
Armour
 B - the +2 cloak "Ysecsokh" (worn) {+Blink rPois rC+}
   (You bought it in a shop in a bazaar)

   It protects you from cold.
   It protects you from poison.
   It lets you blink.
 E - the +3 crown of Dyrovepreva (worn) {rElec Int+2 SInv}
   (You found it on level 5 of the Pits of Slime)

   It affects your intelligence (+2).
   It insulates you from electricity.
   It lets you see invisible.
 M - a +4 storm dragon armour {Bai Suzhen}
 N - the +2 robe of Vines (melded) {NoDeviceHeal Regen+7}
   (You found it on level 5 of the Pits of Slime)

   It increases your rate of regeneration.
Rods
 b - a +1 rod of inaccuracy (13/13)
   (You found it on level 5 of the Dungeon)
 c - a +0 iron rod (9/9)
   (You found it on level 6 of the Dungeon)
 e - a +4 rod of shadows (10/10)
   (You found it on level 2 of the Lair of Beasts)
Jewellery
 f - the ring "Zilaapi" (right hand) {SustAt Str+4 SInv}
   (You found it in a labyrinth)

   [ring of sustain attributes]

   It sustains your strength, intelligence and dexterity.
   It affects your strength (+4).
   It lets you see invisible.
 n - the ring of Kulae {rC+ MR+}
   (You found it on level 5 of the Vaults)

   [ring of protection from magic]

   It protects you from cold.
   It affects your resistance to hostile enchantments.
 y - an uncursed ring of resist corrosion
 G - the ring of Xom's Flight of Fancy {rPois rF+ MR+}
   (You found it on level 2 of the Tomb of the Ancients)

   [ring of protection from fire]

   It protects you from fire.
   It protects you from poison.
   It affects your resistance to hostile enchantments.
 L - the amulet of Imia (around neck) {rPois Regen+ Int+4}
   (You found it on level 3 of the Crypt)

   [amulet of regeneration]

   It affects your intelligence (+4).
   It protects you from poison.
   It increases your rate of regeneration.
 P - the amulet of Mysticism {Dismiss rF++ Stlth+}
   (You found it on level 2 of the Lair of Beasts)

   [amulet of dismissal]

   It may teleport away creatures that harm you.
   It greatly protects you from fire.
   It makes you more stealthy.
 Q - a +3 ring of evasion
 U - the ring of the Mage (left hand) {Wiz MR++ Int+3}
   (You found it on level 13 of the Dungeon)

   [ring of wizardry]

   It improves your spell success rate.
   It affects your intelligence (+3).
   It affects your resistance to hostile enchantments.
Wands
 g - a wand of heal wounds (5/9)
 j - a wand of acid (10/15)
 q - a wand of heal wounds (5/9)
 w - a wand of disintegration (14/24)
 J - a wand of digging (12/24)
 T - a wand of confusion (26/48)
 Y - a wand of iceblast (12/15)
Scrolls
 h - 12 scrolls of teleportation
 k - 8 scrolls of fog
 m - 3 scrolls of fear
 o - 34 scrolls of remove curse
 t - 5 scrolls of recharging
 v - 7 scrolls of magic mapping {!w}
 A - 4 scrolls of blinking
 S - 3 scrolls of identify
 Z - 3 scrolls of summoning
Potions
 d - 5 potions of berserk rage
 i - 6 potions of agility
 l - 22 potions of curing
 u - 4 potions of ambrosia
 C - 4 potions of cure mutation
 D - 2 potions of magic
 I - 7 potions of resistance
 K - 4 potions of heal wounds
 O - 4 potions of cancellation
 R - 6 potions of might
 V - 7 potions of flight
Miscellaneous
 p - a box of beasts
 r - a phantom mirror
 s - 2 sacks of spiders
 H - a phial of floods
 X - a lamp of fire
Comestibles
 x - 28 meat rations
 F - 13 bread rations


   Skills:
 - Level 20.6 Fighting
   Level 2.5 Short Blades
 - Level 25.3 Maces & Flails
 + Level 17.4 Throwing
 - Level 12.0 Armour
 + Level 12.8 Dodging
 - Level 2.0 Stealth
 - Level 11.1 Spellcasting
   Level 2.9 Conjurations
 - Level 6.1 Charms
 - Level 11.3 Transmutations
 - Level 3.9 Air Magic
 - Level 8.5 Earth Magic
 * Level 16.5 Invocations
 - Level 13.5 Evocations


You had 35 spell levels left.
You knew the following spells:

 Your Spells              Type           Power        Failure   Level  Hunger
a - Repel Missiles        Chrm/Air       #####.       1%          2    None
b - Swiftness             Chrm/Air       #####...     1%          2    None
c - Summon Butterflies    Summ           ##......     1%          1    None
d - Statue Form           Tmut/Erth      ######...    4%          6    #####..
e - Passwall              Tmut/Erth      ######....   1%          2    None


Dungeon Overview and Level Annotations

Branches:
Dungeon (15/15)            Temple (0/1) D:7            Lair (6/6) D:9
  Swamp (4/4) Lair:4       Spider (4/4) Lair:2        Slime (5/5) Lair:6
    Orc (2/2) D:9             Elf (3/3) Orc:2        Vaults (5/5) D:13
  Crypt (3/3) Vaults:3       Tomb (2/3) Crypt:3      Depths (4/5) D:15

Altars:
Cheibriados
Elyvilon
Fedhas
Kikubaaqudgha
Okawaru
Ru
Yredelemnul
Zin
The Shining One
Beogh
Jiyva

Shops:
Orc:2 [=(=*   Swamp:2 *   Vaults:4 %   Vaults:5 !*   Depths:1 *

Portals:
Hell: Depths:1
Pandemonium: Depths:2
Trove: Elf:1 (give wand of hasting (9))

Annotations:
D:11 exclusion: downstairs
Swamp:2 thorn hunter
Spider:2 exclusion: Roxanne, Roxanne
Vaults:1 bazaar
Vaults:2 exclusion: downstairs, Sojobo


Innate Abilities, Weirdness & Mutations

You are too large for most types of armour.
((You have tough skin. (AC +1)))


Message History

* * * LOW HITPOINT WARNING * * *
Unknown command.
Unknown command.
You feel much better. The death scarab barely misses you.
The death scarab bites you!
* * * LOW HITPOINT WARNING * * *
The death scarab barely misses you.
The death scarab waves its antennae.
The death scarab bites you!
* * * LOW HITPOINT WARNING * * *
The death scarab misses you.
The death scarab bites you but does no damage.
The reaper hits you but does no damage. The greater mummy hits you.
* * * LOW HITPOINT WARNING * * *
The death scarab bites you but does no damage.
The greater mummy casts a spell.
The death scarab misses you. The greater mummy misses you.
The reaper hits you with a scythe of slicing!!
* * * LOW HITPOINT WARNING * * *
You die...

8.# ..# #..#
'## #..#
..######
#..#
.........
#sB#
8........
#sB#
.........
#BM#
############
#MB#
#..........#
#8B#
#..........#
#2B#
#..........#
#§B#
#...####...#
#..#
#...#.)# ..#
#..#
#.8.'.># .#
#..#
#...#.:# #
#..#
#...####
#..#
#......#
#..#


You could see 2 greater mummies, 2 emperor scorpions, a reaper and 7 death
scarabs.

Vanquished Creatures
  2 ancient liches (Vaults:5)
  23 greater mummies
  Bai Suzhen (Elf:3)
  Frederick (Crypt:2)
  Arachne (Spider:3)
  Jory (Vaults:2)
  A pearl dragon (Depths:2)
  2 tentacled monstrosities (Vaults:5)
  4 liches
  Asterion (Vaults:1)
  A titan (Vaults:5)
  14 acid blobs
  2 deep elf blademasters (Elf:3)
  2 deep elf master archers (Elf:3)
  3 shadow dragons (Vaults:5)
  Frances (Spider:2)
  2 ancient champions (Crypt:3)
  7 sphinxes
  Gastronok (Lair:3)
  4 tengu reavers
  A storm dragon (Vaults:5)
  2 revenants
  15 azure jellies
  A fire giant (Depths:2)
  An iron dragon (Vaults:5)
  3 frost giants (Vaults:5)
  A balrug (Depths:1)
  A ghost moth (Spider:4)
  5 deep elf sorcerers
  An orc warlord (Orc:2)
  19 vault wardens
  4 deep elf elementalists
  6 emperor scorpions
  3 ghouls
  An emperor scorpion (shapeshifter) (Vaults:5)
  A curse skull (Crypt:3)
  25 ironheart preservers
  18 stone giants
  A caustic shrike skeleton (Crypt:2)
  A reaper (Depths:2)
  11 very ugly things
  An ophan (Depths:2)
  2 stone giants (shapeshifter) (Vaults:5)
  An apis (Depths:2)
  2 war gargoyles
  4 entropy weavers
  17 vampire knights
  Azrael (Orc:2)
  5 deep elf demonologists
  6 ettins (Vaults:5)
  2 eidola
  8 deep elf annihilators
  A minotaur (Lab)
  6 deep elf death magi
  6 crystal guardians
  11 death oozes
  5 deep elf high priests
  9 mummy priests
  8 jiangshi
  6 yaktaur captains
  5 fire dragons
  A merfolk impaler (Depths:1)
  7 great orbs of eyes
  12 hydras
  3 rakshasas
  A hell beast (Swamp:4)
  37 vault guards
  2 spriggan air magi (Depths:2)
  10 ice dragons
  A catoblepas (Lair:6)
  11 centaur warriors
  6 death knights
  14 dancing weapons
  5 death yaks
  4 deep troll shamans
  21 death scarabs
  3 alligators
  12 vampire magi
  3 tengu warriors
  6 deep troll earth magi
  2 titan zombies
  10 ogre magi
  3 orc high priests
  5 hell knights (Depths:2)
  28 deep elf knights
  2 sun demons (Depths:1)
  33 skeletal warriors
  22 deep trolls
  A sea snake (shapeshifter) (Vaults:3)
  3 shadow wraiths
  A golden dragon zombie (Crypt:3)
  4 flayed ghosts
  An unseen horror (shapeshifter) (Vaults:3)
  4 unseen horrors
  A torturous demonspawn (Depths:2)
  A golden dragon skeleton (Crypt:1)
  10 giant orange brains
  2 anubis guards (Tomb:1)
  7 harpies
  3 wizards
  2 shambling mangroves
  17 deep elf archers
  An orange crystal statue (Vaults:1)
  25 phantasmal warriors
  2 anubis guards (shapeshifter)
  6 hill giants
  14 ironbrand convokers
  An anaconda skeleton (Crypt:1)
  11 orb spiders
  3 swamp dragons
  21 orc knights
  4 griffons
  Pikel (D:6)
  4 necromancers
  A mana viper (shapeshifter) (Vaults:5)
  2 oklob plants (Lair:6)
  60 deep elf magi
  32 ugly things
  2 frost giant zombies
  An iron dragon skeleton (Tomb:1)
  7 orc sorcerers
  131 slime creatures
  5 shining eyes
  6 cyclopes
  24 wolf spiders
  A manticore (D:15)
  8 hornets
  13 elephants
  2 tengu skeletons (Vaults:3)
  A sixfirhy (Depths:2)
  A cyclops (shapeshifter) (Depths:4)
  A frost giant skeleton (Vaults:3)
  2 fire giant skeletons
  An ice statue (Lair:2)
  A shock serpent zombie (Crypt:3)
  15 vault sentinels
  2 centaur zombies
  A black mamba (Lair:4)
  2 eyes of devastation
  12 spiny frogs
  A gargoyle (D:14)
  A torpor snail (Spider:4)
  An orange demon (Swamp:4)
  A dire elephant skeleton (Crypt:1)
  A torpor snail (shapeshifter) (D:14)
  2 emperor scorpion zombies
  4 rime drakes
  46 yaktaurs
  8 demonic crawlers
  A komodo dragon (shapeshifter) (Vaults:4)
  A rime drake (shapeshifter) (Depths:2)
  An efreet (D:14)
  5 komodo dragons
  A human skeleton (Vaults:3)
  8 freezing wraiths
  A red devil (Depths:2)
  9 guardian mummies
  7 polar bears
  38 jumping spiders
  An ice devil (Depths:2)
  2 minotaur zombies
  4 giant leeches (Swamp:2)
  27 two-headed ogres
  10 trolls
  5 blink frogs (Lair:6)
  A tengu simulacrum (Vaults:2)
  14 bog bodies
  An iron troll skeleton (Crypt:2)
  An ice dragon zombie (Tomb:2)
  2 fire dragon zombies
  10 ushabtiu
  7 boulder beetles
  2 ettin zombies
  4 flying skulls
  7 air elementals
  A shadow (Swamp:2)
  30 tarantellas
  A fire dragon skeleton (Crypt:2)
  59 redbacks
  A black mamba zombie (Tomb:2)
  An ice dragon skeleton (Crypt:2)
  A water elemental (Elf:3)
  11 wraiths
  15 spriggans
  A tarantella (shapeshifter) (Vaults:2)
  2 wyverns
  53 yaks
  3 fire elementals (Orc:2)
  9 hippogriffs
  Grum (D:9)
  A vampire (D:15)
  13 golden eyes
  3 basilisks
  21 vampire mosquitoes
  2 hungry ghosts (D:11)
  A human zombie (Vaults:3)
  2 mottled dragons (Vaults:1)
  9 wargs
  A human simulacrum (Vaults:3)
  8 insubstantial wisps
  A monstrous demonspawn zombie (Crypt:1)
  A soldier ant (D:12)
  8 swamp worms
  A spiny frog zombie (Crypt:3)
  2 hell hounds (Orc:2)
  A water nymph skeleton (Crypt:3)
  12 water moccasins
  7 porcupines
  A deep troll skeleton (Vaults:3)
  A small abomination (Swamp:4)
  A giant eyeball (Depths:2)
  8 swamp drakes
  6 ice beasts
  A merfolk skeleton (Crypt:3)
  A putrid demonspawn skeleton (Crypt:3)
  16 wasps
  52 orc warriors
  A sky beast (D:6)
  An elf zombie (Vaults:3)
  A ghost crab zombie (Crypt:1)
  2 black bears (Lair:6)
  7 eyes of draining
  49 wolves
  12 boggarts
  A tengu (shapeshifter) (D:14)
  37 ogres
  7 necrophages
  15 centaurs
  2 swamp dragon skeletons
  16 crocodiles
  20 giant frogs
  A wyvern zombie (D:14)
  An earth elemental (Elf:1)
  2 yaktaur skeletons
  18 killer bees
  5 scorpions
  A water moccasin skeleton (Crypt:3)
  6 howler monkeys
  A wolf zombie (Crypt:3)
  2 electric eels (D:9)
  10 crimson imps
  A quasit (D:8)
  24 orc priests
  2 giant frog zombies
  4 hounds
  3 jellies
  38 orc wizards
  A demonspawn skeleton (Crypt:2)
  3 giant frog skeletons
  4 centaur skeletons
  11 iguanas
  A black bear skeleton (Crypt:2)
  5 worker ants
  26 sheep
  A deep dwarf skeleton (Crypt:1)
  A hound zombie (D:3)
  31 mummies
  10 gnolls
  8 adders
  46 river rats
  6 shadow imps
  3 white imps (Lair:2)
  2 oozes
  An adder zombie (D:9)
  5 worms
  A worm (shapeshifter) (Depths:1)
  5 giant geckos
  112 orcs
  8 bats
  6 giant cockroaches
  A goblin (shapeshifter) (Vaults:5)
  10 goblins
  15 hobgoblins
  13 jackals
  9 quokkas
  2 ball pythons
  A giant cockroach zombie (Crypt:2)
  4 giant newts
  3 gnoll zombies (Ossuary)
  A goblin skeleton (Crypt:3)
  2 hobgoblin zombies (Ossuary)
  9 kobolds
  A kobold skeleton (Crypt:1)
  2 kobold zombies (Ossuary)
  An orc zombie (Ossuary)
  A quokka skeleton (D:5)
  6 rats
  A crawling corpse (Elf:3)
  A fungus (Orc:2)
2324 creatures vanquished.

Vanquished Creatures (collateral kills)
  the Royal Jelly (Slime:5)
  Mara (Crypt:1)
  Rupert (Lair:3)
  3 acid blobs
  A thorn hunter (Swamp:2)
  3 azure jellies
  2 ghost moths (Spider:4)
  A vault warden (Vaults:1)
  A ghoul (Swamp:3)
  A deep elf sorcerer (Elf:3)
  An ironheart preserver (Vaults:4)
  2 emperor scorpions
  A very ugly thing (Swamp:4)
  A stone giant (Vaults:2)
  5 deep elf annihilators (Elf:3)
  A spark wasp (Spider:4)
  3 deep elf death magi (Elf:3)
  2 green deaths (Swamp:4)
  A death ooze (Slime:5)
  A deep elf high priest (Elf:3)
  A hell beast (Swamp:4)
  A great orb of eyes (Vaults:4)
  3 ogre magi
  2 death yaks (Lair:2)
  A deep troll earth mage (Vaults:4)
  3 deep elf knights
  2 deep trolls (Vaults:2)
  2 deep elf archers
  A wizard (Vaults:2)
  4 swamp dragons (Swamp:4)
  An ironbrand convoker (Vaults:1)
  4 orb spiders (Spider:2)
  A shining eye (Slime:2)
  3 wolf spiders (Spider:2)
  A hornet (Spider:4)
  An ugly thing (Vaults:2)
  6 deep elf magi
  An orange demon (Swamp:4)
  3 demonic crawlers (Spider:2)
  A yaktaur (Vaults:5)
  2 small abominations (Elf:3)
  2 jumping spiders (Spider:2)
  3 two-headed ogres (Vaults:2)
  10 slime creatures
  A giant leech (Swamp:2)
  5 bog bodies
  2 shadows (Swamp:4)
  2 redbacks
  A golden eye (Slime:2)
  2 large abominations (Swamp:4)
  3 tarantellas (Spider:2)
  A basilisk (Lair:4)
  2 wasps
  4 ogres
115 creatures vanquished.

Vanquished Creatures (others)
  A shadow dragon skeleton (Tomb:2)
  A jumping spider (Spider:4)
  A redback (Spider:4)
  4 flying skulls (Tomb:2)
  A centaur (D:13)
  An orc wizard (Orc:2)
  A centaur skeleton (D:6)
  2 mummies (Tomb:2)
  2 briar patches (Swamp:2)
  19 fungi
  A plant (Swamp:2)
  17 withered plants (Crypt:2)
51 creatures vanquished.

Grand Total: 2490 creatures vanquished

Notes
Turn   | Place    | Note
-------+----------+-------------------------------------------
     0 | D:1      | Leszczynek the Ogre Conjurer began the quest for the Orb.
     0 | D:1      | Reached XP level 1. HP: 16/16 MP: 3/3
    46 | D:1      | tactics
   102 | D:1      | Reached skill level 1 in Fighting
   165 | D:1      | Reached skill level 2 in Stealth
   165 | D:1      | Reached XP level 2. HP: 26/27 MP: 1/5
   170 | D:1      | Learned a level 2 spell: Searing Ray
   585 | D:2      | Found a glowing golden altar of the Shining One.
   746 | D:2      | Reached skill level 1 in Short Blades
   746 | D:2      | Reached XP level 3. HP: 26/33 MP: 0/6
   967 | D:2      | Reached skill level 2 in Short Blades
   967 | D:2      | Reached XP level 4. HP: 34/41 MP: 0/7
  1397 | D:2      | Became a worshipper of the Shining One
  1516 | D:2      | did i train short blades?
  1517 | D:2      | fucking amazing
  1517 | D:2      | really
  1656 | D:3      | Reached XP level 5. HP: 39/48 MP: 6/8
  1690 | D:3      | Reached skill level 1 in Maces & Flails
  1896 | D:3      | Reached skill level 2 in Maces & Flails
  2035 | D:3      | Reached skill level 3 in Maces & Flails
  2253 | D:4      | Reached skill level 4 in Maces & Flails
  2302 | D:4      | Reached XP level 6. HP: 32/55 MP: 2/9
  2358 | D:4      | Reached skill level 5 in Maces & Flails
  2478 | D:4      | Reached * piety under the Shining One
  2664 | D:4      | Reached skill level 6 in Maces & Flails
  3024 | D:4      | Found an ancient bone altar of Kikubaaqudgha.
  3119 | D:4      | Reached XP level 7. HP: 51/62 MP: 2/10
  3154 | D:5      | Entered Level 5 of the Dungeon
  3195 | D:5      | Identified a +0 rod of inaccuracy (11/11) (You found it on level 5 of the Dungeon)
  3358 | D:5      | you can't make this shit up
  3543 | D:5      | Reached skill level 7 in Maces & Flails
  3608 | D:5      | Reached ** piety under the Shining One
  3688 | D:5      | HP: 6/62 [jackal (2)]
  3688 | D:5      | The Shining One protects you from harm!
  3921 | D:5      | HP: 5/62 [iguana (8)]
  3922 | D:5      | Reached skill level 8 in Maces & Flails
  4214 | D:5      | "speed"run
  4487 | D:6      | Noticed Pikel
  4516 | D:6      | Reached skill level 1 in Invocations
  4578 | D:6      | Reached skill level 9 in Maces & Flails
  4668 | D:6      | Reached XP level 8. HP: 56/70 MP: 6/11
  4737 | D:6      | Reached skill level 2 in Invocations
  4845 | D:6      | Killed Pikel
  4845 | D:6      | Reached skill level 10 in Maces & Flails
  4845 | D:6      | Reached skill level 3 in Invocations
  4963 | D:6      | Reached skill level 4 in Invocations
  4982 | D:6      | Reached skill level 11 in Maces & Flails
  5012 | D:6      | Found a blossoming altar of Fedhas.
  5018 | D:6      | Reached skill level 2 in Fighting
  5231 | D:7      | giant
  5231 | D:7      | ffs
  5307 | D:7      | Reached skill level 1 in Evocations
  5307 | D:7      | Reached XP level 9. HP: 44/80 MP: 12/12
  5315 | D:7      | Found a sand-covered staircase.
  5387 | Ossuary  | Entered an ossuary
  5449 | Ossuary  | Reached skill level 3 in Fighting
  5469 | Ossuary  | Reached *** piety under the Shining One
  5603 | Ossuary  | Gained mutation: You are weak. (Str -2) [potion of mutation]
  5603 | Ossuary  | Gained mutation: You are occasionally teleported next to monsters. [potion of mutation]
  5603 | Ossuary  | Gained mutation: Your spells are a little easier to cast, but a little less powerful. [potion of mutation]
  5604 | Ossuary  | nice
  5604 | Ossuary  | Lost mutation: You are occasionally teleported next to monsters. [potion of cure mutation]
  5604 | Ossuary  | Lost mutation: Your spells are a little easier to cast, but a little less powerful. [potion of cure mutation]
  5604 | Ossuary  | Lost mutation: You are weak. (Str -2) [potion of cure mutation]
  5726 | D:7      | Reached skill level 2 in Evocations
  5756 | D:7      | Reached skill level 12 in Maces & Flails
  5761 | D:7      | Reached skill level 4 in Fighting
  5983 | D:7      | Found a glowing silver altar of Zin.
  6200 | D:7      | Found a sacrificial altar of Ru.
  6283 | D:7      | Found a snail-covered altar of Cheibriados.
  6375 | D:7      | Found a basalt altar of Yredelemnul.
  6397 | D:7      | Found a staircase to the Ecumenical Temple.
  6766 | D:8      | Reached skill level 5 in Fighting
  6770 | D:8      | jesus this rod is amazing
  6770 | D:8      | why did i never give it a chance before
  6845 | D:8      | Reached skill level 3 in Evocations
  7070 | D:8      | Reached skill level 13 in Maces & Flails
  7252 | D:9      | Reached XP level 10. HP: 76/98 MP: 13/13
  7435 | D:9      | Found a staircase to the Lair.
  7450 | D:9      | Reached skill level 6 in Fighting
  7791 | D:9      | Reached skill level 4 in Evocations
  7997 | D:9      | Reached **** piety under the Shining One
  8039 | D:9      | Noticed Grum
  8053 | D:9      | Killed Grum
  8053 | D:9      | Reached skill level 14 in Maces & Flails
  8055 | D:9      | Reached skill level 7 in Fighting
  8137 | D:9      | Found a staircase to the Orcish Mines.
  8292 | D:10     | Entered Level 10 of the Dungeon
  8999 | D:10     | Noticed a hill giant
  9004 | D:10     | Killed a hill giant
  9149 | D:11     | HP: 14/156 [giant frog (3)]
  9156 | D:11     | HP: 5/104 [centaur/arrow (5)]
  9331 | D:11     | Reached skill level 8 in Fighting
  9390 | D:11     | Found a labyrinth entrance.
  9413 | Lab      | Entered a labyrinth
  9525 | Lab      | Noticed a minotaur
  9531 | Lab      | Killed a minotaur
  9531 | Lab      | Reached skill level 15 in Maces & Flails
  9531 | Lab      | Reached skill level 5 in Evocations
  9531 | Lab      | Reached XP level 11. HP: 86/113 MP: 11/14
  9534 | Lab      | Got an ancient amber ring
  9534 | Lab      | Got a shimmering jade ring
  9541 | Lab      | Identified the ring "Zilaapi" {SustAt Str+4 SInv} (You found it in a labyrinth)
  9542 | Lab      | Identified the ring of the Queen {+Inv rPois MR+ Str+4 SInv} (You found it in a labyrinth)
  9543 | Lab      | noice
  9547 | Lab      | actually not all that noice since i already have sinv
  9547 | Lab      | but i won't complain
  9764 | D:11     | Found a snail-covered altar of Cheibriados.
  9808 | D:11     | Reached skill level 9 in Fighting
  9882 | D:12     | Noticed a cyclops
  9882 | D:12     | Noticed a deep elf mage
  9883 | D:12     | okay, that might be a bit too much
  9925 | Lair:1   | Entered Level 1 of the Lair of Beasts
 10143 | Lair:1   | Reached skill level 16 in Maces & Flails
 10166 | Lair:1   | Noticed a five-headed hydra
 10173 | Lair:1   | Killed a five-headed hydra
 10173 | Lair:1   | Reached skill level 2 in Dodging
 10173 | Lair:1   | Reached skill level 6 in Evocations
 10174 | Lair:1   | nice
 10174 | Lair:1   | i really underestimated this rod so far
 10195 | Lair:1   | You fall through a shaft!
 10342 | Lair:1   | Reached skill level 3 in Dodging
 10435 | Lair:1   | ha ha
 10435 | Lair:1   | neat
 10445 | Lair:1   | Noticed a seven-headed hydra
 10451 | Lair:1   | Killed a seven-headed hydra
 10529 | Lair:2   | Reached skill level 10 in Fighting
 10532 | Lair:2   | Reached skill level 4 in Dodging
 10547 | Lair:2   | Got a translucent golden amulet
 10548 | Lair:2   | Identified the amulet of Mysticism {Dismiss rF++ Stlth+} (You found it on level 2 of the Lair of Beasts)
 10562 | Lair:2   | Noticed a death yak
 10563 | Lair:2   | Noticed a death yak
 10576 | Lair:2   | Noticed a death yak
 10581 | Lair:1   | Killed a death yak
 10581 | Lair:1   | Reached XP level 12. HP: 87/126 MP: 13/16
 10627 | Lair:2   | Found a hole to the Spider Nest.
 10685 | Lair:2   | Noticed a four-headed hydra
 10696 | Lair:2   | Killed a four-headed hydra
 10736 | Lair:2   | Noticed an ice dragon
 10736 | Lair:2   | what
 10736 | Lair:2   | are such vaults even possible
 10751 | Lair:2   | Reached skill level 5 in Dodging
 10764 | Lair:2   | Killed an ice dragon
 10830 | Lair:2   | Got a pitted amber ring
 10831 | Lair:2   | Identified the ring "Daj Cey" {Ice rElec} (You found it on level 2 of the Lair of Beasts)
 10848 | Lair:2   | Identified a +2 rod of shadows (9/9) (You found it on level 2 of the Lair of Beasts)
 10849 | Lair:2   | wow
 10849 | Lair:2   | really
 10849 | Lair:2   | evocation ogre, here we go
 10888 | Lair:2   | Noticed a death yak
 10921 | Lair:2   | Killed a death yak
 10921 | Lair:2   | Reached skill level 7 in Evocations
 10924 | Lair:2   | Killed a death yak
 10924 | Lair:2   | Reached skill level 6 in Dodging
 10934 | Lair:2   | Killed a death yak
 11084 | Lair:2   | Reached skill level 17 in Maces & Flails
 11465 | Lair:3   | Noticed Rupert
 11466 | Lair:3   | ooops
 11490 | Lair:3   | Killed Rupert
 11490 | Lair:3   | Reached skill level 7 in Dodging
 11558 | Lair:3   | Identified a -2 rod of clouds (9/9) (You found it on level 3 of the Lair of Beasts)
 11559 | Lair:3   | 4th rod
 11559 | Lair:3   | talk about luck
 11559 | Lair:3   | ah, can't use this one
 11592 | Lair:3   | Noticed Gastronok
 11650 | Lair:4   | Reached XP level 13. HP: 133/133 MP: 18/18
 11653 | Lair:4   | Reached skill level 8 in Evocations
 11671 | Lair:4   | Reached skill level 8 in Dodging
 11783 | Lair:4   | Found a staircase to the Swamp.
 12077 | Lair:4   | Reached ***** piety under the Shining One
 12085 | Lair:4   | Reached skill level 5 in Invocations
 12288 | Lair:5   | Reached skill level 6 in Invocations
 12426 | Lair:5   | Reached skill level 7 in Invocations
 12772 | Lair:6   | Entered Level 6 of the Lair of Beasts
 12789 | Lair:5   | Reached skill level 8 in Invocations
 12980 | Lair:6   | Reached skill level 9 in Invocations
 13083 | Lair:6   | Reached skill level 10 in Invocations
 13110 | Lair:6   | Reached XP level 14. HP: 140/144 MP: 21/21
 13274 | Lair:6   | Reached skill level 11 in Invocations
 13644 | Lair:6   | Reached skill level 12 in Invocations
 13843 | Swamp:1  | Entered Level 1 of the Swamp
 13846 | Swamp:1  | Gained mutation: Your muscles are strong. (Str +2) [potion of beneficial mutation]
 13917 | Swamp:2  | Noticed a thorn hunter
 14028 | Swamp:1  | Reached skill level 18 in Maces & Flails
 14028 | Swamp:1  | Reached skill level 1 in Throwing
 14284 | Swamp:2  | Reached skill level 2 in Throwing
 14582 | Swamp:2  | Reached skill level 11 in Fighting
 14652 | Swamp:2  | Reached skill level 3 in Throwing
 14679 | Swamp:3  | Reached ****** piety under the Shining One
 14680 | Swamp:3  | Reached skill level 9 in Evocations
 14846 | Swamp:3  | Noticed a ghoul
 14858 | Swamp:3  | Killed a ghoul
 14897 | Swamp:3  | Reached XP level 15. HP: 39/152 MP: 21/24
 14928 | Swamp:4  | Entered Level 4 of the Swamp
 14930 | Swamp:4  | this has lerny doesn't it
 15258 | Swamp:4  | Reached skill level 4 in Throwing
 15266 | Swamp:4  | Reached skill level 19 in Maces & Flails
 15376 | Swamp:4  | Reached skill level 12 in Fighting
 15422 | Swamp:4  | Got a decaying rune of Zot
 15578 | Swamp:4  | Reached skill level 5 in Throwing
 15980 | Swamp:2  | Killed a thorn hunter
 16041 | Swamp:2  | Found Xeotzafe's Island Escapes.
 16055 | Swamp:2  | Bought a scroll of blinking for 112 gold pieces
 16055 | Swamp:2  | Bought a potion of flight for 45 gold pieces
 16055 | Swamp:2  | Bought a scroll of blinking for 112 gold pieces
 16055 | Swamp:2  | Bought a potion of flight for 45 gold pieces
 16055 | Swamp:2  | Bought a wand of digging (16/24) for 600 gold pieces
 16117 | Swamp:1  | that would've been a stupid death
 16274 | Lair:3   | Killed Gastronok
 16342 | Spider:1 | Entered Level 1 of the Spider Nest
 16343 | Spider:1 | 7 curing only
 16720 | Spider:1 | i hate this layout
 16730 | Spider:1 | better than the open one though
 16747 | Spider:1 | Reached skill level 6 in Throwing
 16779 | Spider:1 | Reached skill level 20 in Maces & Flails
 16779 | Spider:1 | Reached skill level 10 in Evocations
 17144 | Spider:2 | Reached XP level 16. HP: 167/167 MP: 25/25
 17364 | Spider:2 | Noticed Roxanne
 17489 | Spider:2 | Reached skill level 7 in Throwing
 17582 | Spider:2 | Reached skill level 13 in Fighting
 17709 | Spider:2 | the fuck?
 17712 | Spider:2 | fucking hell
 17751 | Spider:2 | HP: 14/253 [emperor scorpion (14)]
 17781 | Spider:2 | Noticed Frances
 17781 | Spider:2 | OH COME ON
 17879 | Spider:1 | retarded layouts
 17948 | Spider:2 | Reached skill level 8 in Throwing
 18042 | Spider:2 | Killed Frances
 18253 | Spider:3 | wow this is retarded
 18273 | Spider:4 | Entered Level 4 of the Spider Nest
 18879 | Spider:4 | Reached skill level 9 in Throwing
 19395 | Spider:4 | Reached skill level 14 in Fighting
 19720 | Spider:4 | ...why is it open?
 19720 | Spider:4 | there's nothing inside that can open this
 19720 | Spider:4 | ...
 19756 | Spider:4 | Reached XP level 17. HP: 150/180 MP: 14/26
 19778 | Spider:4 | perpetuum mobile
 19964 | Spider:4 | Reached skill level 10 in Throwing
 19966 | Spider:4 | Reached skill level 11 in Evocations
 19994 | Spider:4 | Got a gossamer rune of Zot
 20249 | Spider:3 | Noticed Arachne
 20260 | Spider:3 | Killed Arachne
 20473 | Orc:1    | Entered Level 1 of the Orcish Mines
 20490 | Orc:1    | Reached skill level 21 in Maces & Flails
 20574 | Orc:2    | Entered Level 2 of the Orcish Mines
 20695 | Orc:2    | Found an iron altar of Okawaru.
 20714 | Orc:2    | Found a roughly hewn altar of Beogh.
 20886 | Orc:1    | Found a roughly hewn altar of Beogh.
 21102 | Orc:2    | Found Hipp's Jewellery Emporium.
 21112 | Orc:2    | Reached skill level 9 in Dodging
 21218 | Orc:2    | Found Bejo Leo's Jewellery Shop.
 21263 | Orc:2    | two jewellery shops and both are impressively bad
 21269 | Orc:2    | at least they have the basics, i guess
 21269 | Orc:2    | sinv, rpois, rf, rc
 21269 | Orc:2    | rn
 21271 | Orc:2    | just no regen amulet ;_;
 21274 | Orc:2    | Found Uwaezoit's Antique Weapon Emporium.
 21351 | Orc:2    | glowing greatsling
 21351 | Orc:2    | and there's manual of slings somewhere in the dungeon too
 21351 | Orc:2    | kek
 21387 | Orc:2    | Reached skill level 11 in Throwing
 21409 | Orc:2    | Noticed Azrael
 21428 | Orc:2    | where are these packs coming from?
 21428 | Orc:2    | i just cleared this area
 21428 | Orc:2    | fucking retarded bullshit
 21445 | Orc:1    | wow
 21445 | Orc:1    | stupid
 21588 | Orc:2    | Killed Azrael
 21643 | Orc:2    | Found Siguserr's Antique Armour Emporium.
 21676 | Orc:2    | Found a staircase to the Elven Halls.
 21799 | Orc:2    | Found Tuiwi's General Store.
 21809 | Orc:2    | Bought a scroll of teleportation for 48 gold pieces
 21809 | Orc:2    | Bought a scroll of enchant armour for 120 gold pieces
 21809 | Orc:2    | Bought a scroll of recharging for 152 gold pieces
 21899 | Orc:2    | Bought an uncursed ring of protection from fire for 325 gold pieces
 22449 | D:12     | Reached skill level 10 in Dodging
 22818 | D:13     | Found a gate to the Vaults.
 23304 | D:14     | Found a runed door.
 23604 | D:14     | Reached XP level 18. HP: 154/191 MP: 27/27
 23741 | D:15     | Entered Level 15 of the Dungeon
 24299 | D:15     | Reached skill level 22 in Maces & Flails
 24323 | D:15     | Reached skill level 12 in Throwing
 24365 | D:15     | Reached skill level 1 in Armour
 24374 | D:15     | Found a staircase to the Depths.
 24723 | Vaults:1 | Entered Level 1 of the Vaults
 24755 | Vaults:1 | Reached skill level 2 in Armour
 25000 | Vaults:1 | Reached skill level 3 in Armour
 25042 | Vaults:1 | Found a gateway to a bazaar.
 25067 | Vaults:1 | HP: 13/192 [yaktaur/bolt[a vault warden] (17)]
 25297 | Vaults:1 | Reached skill level 15 in Fighting
 25387 | Vaults:2 | ...where did they come from?
 25387 | Vaults:2 | there are no other doors except for the one ahead of me...
 25387 | Vaults:2 | what the fuck
 25408 | Vaults:2 | Reached skill level 4 in Armour
 25888 | Vaults:2 | Noticed Jory
 25889 | Vaults:2 | fuck
 25912 | Vaults:2 | Killed Jory
 25912 | Vaults:2 | Reached skill level 5 in Armour
 26561 | Vaults:2 | uhhh
 26566 | Vaults:2 | Reached XP level 19. HP: 193/204 MP: 26/28
 26679 | Vaults:2 | Reached skill level 12 in Evocations
 26703 | Vaults:1 | Identified a scroll of acquirement
 26707 | Vaults:1 | Reached skill level 16 in Fighting
 26789 | Vaults:1 | Reached skill level 6 in Armour
 26878 | Bazaar   | Entered a bazaar
 26878 | Bazaar   | Found Ymuarome's Antique Armour Shop.
 26892 | Bazaar   | Found Liusan's Antique Weapon Shop.
 26912 | Bazaar   | Found Ciphea's Distillery.
 26920 | Bazaar   | Bought 2 potions of cure mutation for 900 gold pieces
 26924 | Bazaar   | Bought a potion of agility for 72 gold pieces
 26924 | Bazaar   | Bought a potion of haste for 180 gold pieces
 26924 | Bazaar   | Bought 2 potions of curing for 108 gold pieces
 26924 | Bazaar   | Bought a potion of heal wounds for 90 gold pieces
 26924 | Bazaar   | Bought 2 potions of heal wounds for 180 gold pieces
 26924 | Bazaar   | Bought a potion of curing for 54 gold pieces
 26924 | Bazaar   | Bought a potion of haste for 180 gold pieces
 26938 | Bazaar   | Bought a runed hat for 60 gold pieces
 26938 | Bazaar   | Bought a pitted cloak for 142 gold pieces
 26963 | Bazaar   | Identified the +2 cloak "Ysecsokh" {+Blink rPois rC+} (You bought it in a shop in a bazaar)
 26980 | Bazaar   | Bought a runed morningstar for 84 gold pieces
 26980 | Bazaar   | Bought a runed morningstar for 84 gold pieces
 26997 | Bazaar   | this cloak is probably my endgame cloak btw
 26997 | Bazaar   | it would have to be something amazing to make me change it
 26997 | Bazaar   | like thief maybe
 27020 | Vaults:1 | Noticed Asterion
 27027 | Vaults:1 | Killed Asterion
 27027 | Vaults:1 | Reached skill level 13 in Throwing
 27481 | Vaults:2 | Noticed Sojobo
 28106 | Vaults:3 | Reached skill level 7 in Armour
 28171 | Vaults:3 | Reached skill level 14 in Throwing
 28744 | Vaults:4 | Reached XP level 20. HP: 163/217 MP: 29/29
 28760 | Vaults:4 | Reached skill level 17 in Fighting
 28979 | Vaults:4 | nice
 29502 | Vaults:4 | Found Etipoonu's Food Shoppe.
 29546 | Vaults:4 | Reached skill level 8 in Armour
 29835 | Vaults:4 | Reached skill level 15 in Throwing
 29912 | Vaults:4 | Reached skill level 13 in Evocations
 30525 | Vaults:3 | Found a staircase to the Crypt.
 31104 | Elf:1    | Entered Level 1 of the Elven Halls
 31409 | Elf:1    | Reached XP level 21. HP: 162/228 MP: 30/30
 31418 | Elf:1    | i really, REALLY wouldn't be doing this branch
 31418 | Elf:1    | if there were more than 6 books in the game so far
 31418 | Elf:1    | and out of those 6 it's 1 akashic record, 1 annihilations and 2 necronomicons
 31418 | Elf:1    | jesus christ WHY
 31592 | Elf:1    | Found a portal to a secret trove of treasure.
 31600 | Elf:1    | trove: wand of hasting 9 charges
 31680 | Elf:1    | Reached skill level 18 in Fighting
 31832 | Elf:3    | Entered Level 3 of the Elven Halls
 31934 | Elf:3    | Noticed Bai Suzhen
 31935 | Elf:3    | bye hurrzhen
 31950 | Elf:3    | Killed Bai Suzhen
 31950 | Elf:3    | Reached skill level 16 in Throwing
 31954 | Elf:3    | i'm sorry esteemed lady!
 31954 | Elf:3    | thanks for the hide
 32232 | Elf:3    | Reached skill level 11 in Dodging
 32599 | Elf:3    | Learned a level 2 spell: Repel Missiles
 32602 | Elf:3    | Learned a level 2 spell: Swiftness
 32666 | Elf:3    | hmmmmm
 32666 | Elf:3    | transmut manual
 32666 | Elf:3    | hmmmmmmmmm
 32808 | Elf:3    | Reached skill level 1 in Charms
 32815 | Elf:3    | Reached skill level 3 in Spellcasting
 32859 | Elf:3    | Reached skill level 1 in Air Magic
 32871 | Elf:3    | Reached skill level 2 in Charms
 33077 | Elf:2    | Reached skill level 4 in Spellcasting
 33585 | Lair:6   | Found a staircase to the Slime Pits.
 33600 | Lair:6   | Reached skill level 3 in Charms
 33657 | Slime:1  | Entered Level 1 of the Pits of Slime
 34094 | Slime:2  | Reached skill level 2 in Air Magic
 34102 | Slime:2  | wow
 34102 | Slime:2  | tele trap in slime
 34102 | Slime:2  | that's amazing
 34114 | Slime:2  | Reached skill level 9 in Armour
 34115 | Slime:2  | Gained mutation: Your spells are a little harder to cast, but a little more powerful. [a shining eye]
 34199 | Slime:2  | Reached skill level 5 in Spellcasting
 34199 | Slime:2  | Reached XP level 22. HP: 101/240 MP: 20/32
 34370 | Slime:2  | You fall through a shaft!
 34382 | Slime:3  | Reached skill level 4 in Charms
 34892 | Slime:5  | Entered Level 5 of the Pits of Slime
 34911 | Slime:5  | Reached skill level 3 in Air Magic
 35003 | Slime:4  | Reached skill level 5 in Charms
 35028 | Slime:5  | Noticed the Royal Jelly
 35030 | Slime:4  | why
 35030 | Slime:4  | HOW
 35030 | Slime:4  | HOW DID IT WAKE UP
 35030 | Slime:4  | WHAT THE FUCK
 35030 | Slime:4  | fucking amazing
 35218 | Slime:5  | Found a viscous altar of Jiyva.
 35249 | Slime:5  | HP: 8/240 [death ooze[the Royal Jelly] (20)]
 35581 | Slime:5  | Reached skill level 6 in Spellcasting
 35595 | Slime:5  | Gained mutation: You tend to lose your temper in combat. [a shining eye]
 35965 | Slime:5  | >13 slime creatrues
 35965 | Slime:5  | why so little
 35965 | Slime:5  | 30 more please
 36181 | Slime:5  | how can royal jelly hit me if it's not even next to me?
 36181 | Slime:5  | magic?
 36272 | Slime:5  | Killed the Royal Jelly
 36272 | Slime:5  | Reached skill level 6 in Charms
 36429 | Slime:5  | Reached skill level 7 in Spellcasting
 36561 | Slime:5  | Identified Futoevev's Papyrus of the Lethal Entourage
 36618 | Slime:5  | ohhhhhhhhhhh
 36646 | Slime:5  | Identified a +6 rod of ignition (10/10) (You found it on level 5 of the Pits of Slime)
 36654 | Slime:5  | Identified the Guide on Flying Cold
 36684 | Slime:5  | Got a slimy rune of Zot
 36928 | Slime:1  | Reached skill level 10 in Armour
 37332 | Vaults:2 | You fall through a shaft for 2 floors!
 37333 | Vaults:4 | wut
 37333 | Vaults:4 | well that's interesting
 37457 | Vaults:4 | Lost mutation: You tend to lose your temper in combat. [potion of cure mutation]
 37457 | Vaults:4 | Lost mutation: Your spells are a little harder to cast, but a little more powerful. [potion of cure mutation]
 37457 | Vaults:4 | Lost mutation: Your muscles are strong. (Str +2) [potion of cure mutation]
 37472 | Vaults:5 | Entered Level 5 of the Vaults
 37636 | Vaults:5 | Noticed an ancient lich
 37672 | Vaults:5 | Reached skill level 19 in Fighting
 37672 | Vaults:5 | Reached XP level 23. HP: 65/252 MP: 33/33
 38036 | Vaults:5 | Reached skill level 23 in Maces & Flails
 38057 | Vaults:5 | Found Keatik's Distillery.
 38058 | Vaults:5 | Noticed a caustic shrike
 38059 | Vaults:5 | Found Feeng's General Store.
 38067 | Vaults:5 | Bought 2 potions of curing for 90 gold pieces
 38067 | Vaults:5 | Bought 2 potions of agility for 120 gold pieces
 38071 | Vaults:5 | Bought a potion of cure mutation for 500 gold pieces
 38071 | Vaults:5 | Bought a potion of flight for 60 gold pieces
 38071 | Vaults:5 | Bought a potion of might for 80 gold pieces
 38071 | Vaults:5 | Bought a potion of curing for 60 gold pieces
 38071 | Vaults:5 | Bought a potion of agility for 80 gold pieces
 38071 | Vaults:5 | Bought a potion of might for 80 gold pieces
 38302 | Vaults:5 | Identified the Catalogue of Virous Enhancements (You found it on level 5 of the Vaults)
 38433 | Vaults:5 | Reached skill level 11 in Armour
 38483 | Vaults:5 | Killed an ancient lich
 38508 | Vaults:5 | Noticed a golden dragon
 38508 | Vaults:5 | Noticed a caustic shrike
 38508 | Vaults:5 | a golden dragon changed into a caustic shrike
 38510 | Vaults:5 | Noticed a golden dragon
 38510 | Vaults:5 | a caustic shrike changed into a golden dragon
 38515 | Vaults:5 | a golden dragon changed into an iron dragon
 38531 | Vaults:5 | Got a steaming lead ring
 38790 | Vaults:5 | Reached skill level 24 in Maces & Flails
 38895 | Vaults:5 | Identified the ring of Kulae {rC+ MR+} (You found it on level 5 of the Vaults)
 38985 | Vaults:5 | Reached skill level 20 in Fighting
 39013 | Vaults:5 | Noticed an ancient lich
 39019 | Vaults:5 | Killed an ancient lich
 39152 | Vaults:5 | Reached XP level 24. HP: 265/265 MP: 33/33
 39239 | Vaults:5 | Got a silver rune of Zot
 39636 | Vaults:5 | Reached skill level 25 in Maces & Flails
 40040 | Depths:1 | Entered Level 1 of the Depths
 40171 | Depths:1 | Reached skill level 12 in Armour
 40345 | Depths:1 | Learned a level 1 spell: Summon Butterflies
 40593 | Depths:1 | Found Paneeh's Elemental Accessories.
 40602 | Depths:1 | Bought Sif Muna's Disquisition on Stones for 1188 gold pieces
 40611 | Depths:1 | Learned a level 6 spell: Statue Form
 40614 | Depths:1 | Learned a level 2 spell: Passwall
 40629 | Depths:1 | Found a gateway to Hell.
 40637 | Depths:1 | Reached skill level 1 in Transmutations
 40754 | Depths:2 | Reached skill level 2 in Transmutations
 40756 | Depths:2 | Reached skill level 1 in Earth Magic
 40855 | Depths:2 | Reached skill level 3 in Transmutations
 40856 | Depths:2 | Found a one-way gate leading to the halls of Pandemonium.
 40894 | Depths:2 | Reached skill level 2 in Earth Magic
 40978 | Depths:2 | Found a glowing golden altar of the Shining One.
 40978 | Depths:2 | Found a glowing silver altar of Zin.
 40979 | Depths:2 | Found a white marble altar of Elyvilon.
 41064 | Depths:2 | Reached skill level 4 in Transmutations
 41201 | Depths:2 | Reached skill level 3 in Earth Magic
 41385 | Depths:2 | Reached skill level 5 in Transmutations
 41428 | Depths:2 | You fall through a shaft for 2 floors!
 41522 | Depths:4 | Reached skill level 8 in Spellcasting
 41529 | Depths:4 | Reached skill level 4 in Earth Magic
 41612 | Depths:2 | Reached skill level 6 in Transmutations
 42028 | Vaults:2 | Reached XP level 25. HP: 210/275 MP: 35/35
 42067 | Crypt:1  | Entered Level 1 of the Crypt
 42259 | Crypt:2  | Reached skill level 7 in Transmutations
 42260 | Crypt:2  | Noticed Frederick
 42271 | Crypt:2  | Killed Frederick
 42271 | Crypt:2  | Reached skill level 5 in Earth Magic
 42503 | Crypt:2  | Reached skill level 9 in Spellcasting
 42565 | Crypt:1  | Reached skill level 8 in Transmutations
 42663 | Crypt:1  | Noticed Mara
 42694 | Crypt:1  | Noticed Leszczynek's illusion
 42708 | Crypt:1  | Killed Mara
 42832 | Crypt:2  | Reached skill level 6 in Earth Magic
 42905 | Crypt:2  | Reached skill level 9 in Transmutations
 42970 | Crypt:3  | Entered Level 3 of the Crypt
 43148 | Crypt:3  | Identified a +9 giant spiked club of holy wrath (a +9 giant spiked club of protection blessed by the Shining One)
 43148 | Crypt:3  | Received a gift from the Shining One
 43285 | Crypt:3  | Reached skill level 7 in Earth Magic
 43299 | Crypt:3  | Reached skill level 10 in Transmutations
 43379 | Crypt:3  | Reached skill level 10 in Spellcasting
 43394 | Crypt:3  | Found an ancient bone altar of Kikubaaqudgha.
 43597 | Crypt:3  | Identified the amulet of Imia {rPois Regen+ Int+4} (You found it on level 3 of the Crypt)
 43598 | Crypt:3  | Identified the ring "Reysyas" {rN+ Str-5 Dex+5 Stlth+} (You found it on level 3 of the Crypt)
 43609 | Crypt:3  | Identified Siawkomi's Guide on Dark Rites (You found it on level 3 of the Crypt)
 43749 | Crypt:3  | Found a staircase to the Tomb.
 43759 | Tomb:1   | Entered Level 1 of the Tomb of the Ancients
 43837 | Tomb:1   | Reached skill level 11 in Transmutations
 43883 | Tomb:1   | Reached skill level 8 in Earth Magic
 43892 | Tomb:1   | Reached skill level 13 in Invocations
 44009 | Tomb:1   | Reached XP level 26. HP: 272/285 MP: 37/37
 44025 | Tomb:1   | Noticed a greater mummy
 44054 | Tomb:1   | Killed a greater mummy
 44177 | Tomb:1   | Identified the Guide on Dusty Air (You found it on level 1 of the Tomb of the Ancients)
 44194 | Tomb:2   | Noticed a greater mummy
 44194 | Tomb:2   | Noticed a greater mummy
 44195 | Tomb:2   | Noticed a greater mummy
 44195 | Tomb:2   | Noticed a greater mummy
 44252 | Tomb:1   | Killed a greater mummy
 44254 | Tomb:1   | Killed a greater mummy
 44256 | Tomb:1   | Killed a greater mummy
 44260 | Tomb:1   | Reached skill level 11 in Spellcasting
 44261 | Tomb:1   | HP: 24/370 [death scarab (18)]
 44337 | Tomb:2   | Killed a greater mummy
 44337 | Tomb:2   | Reached skill level 14 in Invocations
 44344 | Tomb:1   | HP: 37/370 [death scarab (11)]
 44559 | Tomb:2   | Got a faintly glowing granite ring
 44560 | Tomb:2   | Identified the ring of Xom's Flight of Fancy {rPois rF+ MR+} (You found it on level 2 of the Tomb of the Ancients)
 44641 | Tomb:1   | Noticed a greater mummy
 44642 | Tomb:1   | Noticed a greater mummy
 44643 | Tomb:1   | Noticed a greater mummy
 44645 | Tomb:1   | Noticed a greater mummy
 44647 | Tomb:1   | Noticed a greater mummy
 44649 | Tomb:1   | Noticed a greater mummy
 44649 | Tomb:1   | Killed a greater mummy
 44650 | Tomb:1   | Noticed a greater mummy
 44706 | Tomb:1   | Noticed a greater mummy
 44712 | Tomb:2   | Killed a greater mummy
 44713 | Tomb:2   | Killed a greater mummy
 44718 | Tomb:2   | Killed a greater mummy
 44718 | Tomb:2   | Reached skill level 12 in Dodging
 44764 | Tomb:1   | Noticed a greater mummy
 44767 | Tomb:1   | Noticed a greater mummy
 44767 | Tomb:1   | Killed a greater mummy
 44776 | Tomb:2   | Killed a greater mummy
 44776 | Tomb:2   | Reached skill level 15 in Invocations
 44778 | Tomb:2   | Killed a greater mummy
 44816 | Tomb:1   | Killed a greater mummy
 44819 | Tomb:1   | Killed a greater mummy
 44819 | Tomb:1   | Reached skill level 17 in Throwing
 44825 | Tomb:1   | Killed a greater mummy
 44850 | Tomb:1   | Noticed a greater mummy
 44856 | Tomb:1   | Killed a greater mummy
 44858 | Tomb:1   | Noticed a greater mummy
 44866 | Tomb:1   | Killed a greater mummy
 44890 | Tomb:1   | Noticed a greater mummy
 44898 | Tomb:1   | Killed a greater mummy
 44945 | Tomb:1   | Noticed a greater mummy
 44952 | Tomb:1   | Killed a greater mummy
 44952 | Tomb:1   | Reached skill level 16 in Invocations
 44957 | Tomb:1   | Noticed a greater mummy
 44984 | Tomb:1   | Killed a greater mummy
 44984 | Tomb:1   | Reached XP level 27. HP: 286/286 MP: 38/38
 45033 | Tomb:1   | Noticed a greater mummy
 45034 | Tomb:1   | Noticed a greater mummy
 45038 | Tomb:1   | Killed a greater mummy
 45039 | Tomb:1   | Killed a greater mummy
 45048 | Tomb:1   | Noticed a greater mummy
 45054 | Tomb:1   | Noticed a greater mummy
 45055 | Tomb:1   | Noticed a greater mummy
 45057 | Tomb:1   | HP: 34/371 [greater mummy (22)]
 45059 | Tomb:1   | Killed a greater mummy
 45060 | Tomb:1   | HP: 16/371 [reaper/scythe of slicing[a greater mummy's death curse] (3)]
 45063 | Tomb:1   | HP: 3/380 [reaper/scythe of slicing[a greater mummy's death curse] (32)]
 45063 | Tomb:1   | Slain by a reaper

Vault maps used:
D:1:      nicolae_arrival_memento_mori
D:2:      nicolae_tso_swordbearing_angel
D:3:      first_bread, serial_bayou_pond_b
D:4:      lemuel_crystal_altar
D:5:      corexii_shantytown
D:6:      fedhas_altar_1, uniq_pikel
D:7:      nicolae_ru_the_path_less_chosen, slow_altar_1, zin_statuary,
          basic_altar, nicolae_ossuary_entry_ruins, minivault_27
D:8:      corexii_shack_village
D:9:      lair_0_dummy, erik_orc_2, blue_anna_alchemist, wad_dig_loot, uniq_grum
D:11:     lab_entry_generic, basic_altar
D:13:     hangedman_vaults_entry_quadrant_bands
D:14:     minmay_strange_pillars, minmay_hidden_floor
D:15:     grunt_enter_depths_hoard, minivault_11, nrook_uturn,
          minmay_misc_feat_nine_boxes, roderic_lattice_a, minivault_22,
          corner_web_ring
Lair:2:   dummy_spider_entry, ice2_lemuel
Lair:3:   lemuel_fruit_tree, uniq_gastronok, uniq_rupert
Lair:4:   swamp_mist, minmay_hedge_maze, serial_bayou_shore_a,
          grunt_megastairs_3, lemuel_fruit_fields
Lair:5:   lemuel_fruit_fields
Lair:6:   minmay_lair_end_enchanted_forest, minmay_slime_entry_oklob_open,
          grunt_megastairs_1
Swamp:1:  serial_swamp_ruin, evilmike_swamp_ruin_house_5,
          evilmike_swamp_ruin_house_6, swamp_pool1, infiniplex_staircase_pool
Swamp:2:  hangedman_swamp_lotus, nicolae_island_escapes,
          infiniplex_staircase_pool_2
Swamp:3:  evilmike_swamp_ruin_house_2, swamp_pool4, hangedman_swamp_ravenous
Swamp:4:  swamp_vile
Spider:1: spider_trap
Spider:2: nicolae_spider_corner, uniq_frances, uniq_roxanne
Spider:3: nicolae_spider_circle_web, nicolae_spider_webbed_stairs, uniq_arachne
Spider:4: spider_rune_water, guppyfry_spider_mini_3
Orc:1:    basic_altar
Orc:2:    grunt_orc_gardens, grunt_orc_garden, grunt_orc_garden,
          grunt_orc_garden, grunt_orc_garden, basic_altar, serial_shops, shop,
          okawaru_metal_pillars_1_2, uniq_azrael
Elf:1:    eino_elf_arrival_the_gate, serial_glass, glass_columns_c,
          glass_columns_a, nicolae_trove_entry_crystal,
          kennysheep_underground_church, hangedman_glass_teeth
Elf:2:    minivault_27, lemuel_flamethrower_hall
Elf:3:    grunt_elf_hall_diamonds, st_stairs_1, abandoned_shop, uniq_bai_suzhen
Vaults:1: nicolae_vaults_network_s, nicolae_vaults_little_squares_4, v_misc_16,
          hangedman_vaults_impose, v_misc_15, v_misc_23, vaults_room_fours,
          vaults_room_corners, nicolae_vaults_alarming, v_alt_pattern_5,
          ontoclasm_vaults_ring_square, nicolae_vaults_asterisk,
          vaults_mumra_minichess_inversion, serial_shops, statue_bzr,
          uniq_asterion
Vaults:2: ontoclasm_vaults_decontamination, special_room_vaults,
          nicolae_vaults_network_square, nicolae_vaults_big_ls,
          vaults_standard_mumra_enter_the_diamond, v_pattern_2, v_rooms_6,
          ontoclasm_vaults_ring_large, vaults_room_door_hall,
          vaults_dpeg_diagonal, nicolae_vaults_little_squares_5, uniq_jory,
          uniq_sojobo
Vaults:3: nicolae_vaults_triangles, v_misc_2, blue_anna_dwarven_crypt,
          vaults_mumra_lcd, nicolae_vaults_theta, grunt_vaults_twisty,
          nicolae_vaults_little_squares_6, hangedman_vaults_slice,
          vaults_room_ringed_pool, hangedman_vaults_snaps, st_quartered_hall,
          vaults_mumra_hexcomb, vaults_dpeg_encased_lava,
          ontoclasm_vaults_pinch, nicolae_vaults_rhombus_6
Vaults:4: v_misc_26, v_misc_27, vaults_mumra_chevron_long, grunt_vaults_funnel,
          v_alt_pattern_2, st_lattice, nicolae_vaults_theta,
          vaults_standard_mumra_enter_the_diamond,
          hangedman_vaults_corner_blocks, nicolae_vaults_disjoint_gnomons,
          nicolae_vaults_ring_of_whatevers, serial_shops, nicolae_shop_crystal
Crypt:1:  grunt_crypt_arrival_webbed, uniq_mara
Crypt:2:  evilmike_wizard_prison, minigarden_bobbens,
          roderic_lattice_octagonal_star, uniq_frederick
Crypt:3:  church_of_pain_bobbens, nicolae_crypt_small_crypt
Depths:1: lightli_too_deep, glass_columns_a, minmay_fountain_box,
          nicolae_elemental_shop
Depths:2: minmay_smoke_and_mirrors, minmay_holes, pf_hell_entry_tar_spiral,
          rand_demon_pan_entry_3, hallowed_hall
Depths:3: grunt_profane_halls, abyss_entry, pan_entry, hell_entry, uniq_xtahua
Depths:4: minmay_octagon_city, grunt_decor_clamped, pf_coc_iceberg,
          abyss_entry_glasseish
Lab:      labyrinth_hidden_loot, nicolae_lab_t_cross, nicolae_lab_hexagon
Bazaar:   bazaar_jpeg_cross
Ossuary:  ossuary_tomb_3

Skill      XL: |  1  2  3  4  5  6  7  8  9 10 11 12 13 14 15 16 17 18 19 20 21 22 23 24 25 26 |
---------------+-------------------------------------------------------------------------------+-----
Fighting       | 1 2 5 8 10 11 12 14 15 16 17 18 19 20 | 20.6
Stealth        | 2 |  2.0
Short Blades   | 1 2 |  2.5
Maces & Flails | 4 6 9 11 13 15 16 17 18 20 21 22 24 25 | 25.3
Invocations    | 1 4 10 12 13 16 | 16.5
Evocations     | 1 3 5 6 7 8 9 10 11 12 13 | 13.5
Dodging        | 4 7 8 10 11 12 | 12.8
Throwing       | 3 6 9 11 12 14 15 16 17 | 17.4
Armour         | 5 7 8 9 10 11 12 | 12.0
Charms         | 3 6 |  6.1
Spellcasting   | 5 7 8 10 11 | 11.1
Air Magic      | 2 3 |  3.9
Transmutations | 6 11 | 11.3
Earth Magic    | 4 8 |  8.5
Conjurations   | |  2.9

Action                   |  1- 3 |  4- 6 |  7- 9 | 10-12 | 13-15 | 16-18 | 19-21 | 22-24 | 25-27 || total
-------------------------+-------+-------+-------+-------+-------+-------+-------+-------+-------++-------
Melee: Unarmed           |    11 |       |       |       |       |       |       |       |       ||    11
       Mace              |    26 |    39 |       |       |       |       |       |       |       ||    65
       Flail             |       |   101 |   332 |    31 |       |       |       |       |       ||   464
       Giant spiked club |       |       |       |   345 |   781 |  1022 |   945 |  1275 |   720 ||  5088
Throw: Large rock        |       |       |       |       |     1 |     3 |    56 |   113 |    28 ||   201
       Tomahawk          |       |       |       |       |       |    18 |       |       |       ||    18
       Javelin           |       |       |       |       |       |     2 |     1 |       |       ||     3
       Throwing net      |       |       |       |       |       |       |       |     1 |       ||     1
 Cast: Magic Dart        |    55 |    82 |    58 |       |       |       |       |       |       ||   195
       Searing Ray       |     2 |    10 |    11 |       |       |       |       |       |       ||    23
       Repel Missiles    |       |       |       |       |       |       |     1 |     5 |     1 ||     7
       Swiftness         |       |       |       |       |       |       |       |     2 |       ||     2
       Statue Form       |       |       |       |       |       |       |       |       |     9 ||     9
Invok: Divine Shield     |       |       |     4 |     9 |    12 |    11 |    12 |    19 |     5 ||    72
       Summon Divine War |       |       |       |       |     3 |     7 |     6 |     5 |     1 ||    22
       Cleansing Flame   |       |       |       |       |       |       |     1 |     2 |    19 ||    22
       Brand Weapon With |       |       |       |       |       |       |       |       |     1 ||     1
 Abil: End Transformatio |       |       |       |       |       |       |       |       |     6 ||     6
Evoke: Rod               |       |       |    29 |    62 |    92 |   147 |   106 |    51 |     7 ||   494
       Wand              |       |       |     3 |       |     1 |     7 |     4 |     4 |       ||    19
  Use: Potion            |       |     4 |     9 |     5 |     8 |    12 |     2 |    14 |     3 ||    57
       Scroll            |       |     5 |    20 |    14 |    10 |    15 |    15 |    22 |     4 ||   105
 Stab: Sleeping          |       |       |       |       |       |     1 |       |       |       ||     1
       Held in net/web   |       |       |       |       |       |       |       |     2 |       ||     2
  Eat: Chunk             |     1 |    11 |    12 |    19 |    25 |    24 |    22 |     2 |     5 ||   121
       Bread ration      |       |       |     2 |       |       |       |     2 |     7 |     3 ||    14
       Pizza             |       |       |     1 |     1 |     2 |     2 |       |     2 |       ||     8
       Fruit             |       |       |     4 |     4 |     2 |    30 |     3 |       |     2 ||    45
       Beef jerky        |       |       |       |     1 |     1 |     1 |     5 |       |       ||     8
       Royal jelly       |       |       |       |     1 |     2 |       |       |     1 |     1 ||     5
Armor: Robe              |     8 |    34 |    53 |    21 |       |       |       |   226 |   120 ||   462
       Skin              |       |       |    30 |       |    24 |       |       |       |   387 ||   441
       Troll leather arm |       |       |       |    79 |   237 |   408 |   228 |       |       ||   952
       Storm dragon armo |       |       |       |       |       |       |   130 |   304 |    18 ||   452
Dodge: Dodged            |    32 |    80 |   157 |   196 |   491 |   679 |   454 |   727 |   709 ||  3525
       Deflected         |       |       |       |       |       |       |     1 |    15 |       ||    16
Block: Other             |       |       |    14 |    27 |    80 |    76 |   104 |   171 |    61 ||   533
